 Dungeon Crawl Stone Soup version 0.25-a0-696-g42a9e46d90 (webtiles) character file.

Game seed: 16068423379165315836, levelgen mode: deterministic

2354 DasRunzen the Blocker (level 9, -2/72 HPs)
             Began as a Formicid Fighter on Mar 31, 2020.
             Was a Believer of Okawaru.
             Slain by Edmund
             ... wielding a +4 dire flail of protection
              (11 damage)
             ... on level 6 of the Dungeon.
             The game lasted 00:14:43 (4996 turns).

DasRunzen the Blocker (Formicid Fighter)            Turns: 4996, Time: 00:14:44

Health: -2/72      AC: 10    Str: 25    XL:     9   Next: 71%
Magic:  10/10      EV:  9    Int:  7    God:    Okawaru [**....]
Gold:   302        SH:  0    Dex: 10    Spells: 8/8 levels left

rFire    . . .     SeeInvis +   i - +1 trident (vorpal)
rCold    . . .     Gourm    .   c - +0 kite shield
rNeg     . . .     Faith    .   b - +0 scale mail
rPois    +         Spirit   .   (helmet unavailable)
rElec    .         Reflect  .   h - +1 cloak
rCorr    .         Harm     .   (no gloves)
MR       .....                  (no boots)
Stlth    ..........             (no amulet)
HPRegen  0.00/turn              r - ring of attention (curse)
MPRegen  0.12/turn              y - ring of poison resistance

@: confused, mighty, non-regenerating, diseased
A: permanent stasis, dig shafts and tunnels, four strong arms, antennae 3,
evolution 1, MP-powered wands
a: Dig, Shaft Self, Heroism, Renounce Religion


You were on level 6 of the Dungeon.
You worshipped Okawaru.
Okawaru was pleased with you.
You were hungry.

You visited 2 branches of the dungeon, and saw 7 of its levels.
You also visited: Ossuary.

You collected 302 gold pieces.

Inventory:

Hand Weapons
 i - a +1 vorpal trident (weapon)
Armour
 b - a +0 scale mail (worn)
 c - a +0 kite shield (worn)
 h - a +1 cloak (worn)
Jewellery
 r - a cursed ring of attention (left hand)
 y - a ring of poison resistance (right hand)
Wands
 g - a wand of acid (7)
 m - a wand of disintegration (14)
 x - a wand of enslavement (9)
 z - a wand of clouds (4)
Scrolls
 o - 2 scrolls of remove curse
 s - a scroll of amnesia
 u - 3 scrolls of identify
 w - a scroll of magic mapping
Potions
 a - a potion of cancellation
 d - a potion of might
 e - 2 potions of resistance
 j - 3 potions of lignification
 l - a potion of mutation
 p - 3 potions of curing {unknown}
 q - 2 potions of haste {unknown}
 t - a potion of magic {unknown}
 v - a potion of stabbing {unknown}
Comestibles
 f - 6 rations


   Skills:
 + Level 7.5 Fighting
 + Level 6.3 Polearms
 + Level 7.4 Armour
 + Level 8.1 Shields
 + Level 2.3 Invocations


You had 8 spell levels left.
You didn't know any spells.
Your spell library contained the following spells:

 Spells                   Type           Power        Failure   Level  Hunger
 Animate Skeleton         Necr           N/A          75%         1    ##.....
 Pain                     Necr           #...         75%         1    ##.....
 Vampiric Draining        Necr           #.........   98%         3    ####...
 Animate Dead             Necr           N/A          100%        4    #####..
 Agony                    Necr           #.......     100%        5    ######.


Dungeon Overview and Level Annotations

Branches:
Dungeon (6/15)             Temple (1/1) D:5         Ossuary (visited)

Altars:
Ashenzari
Cheibriados
Dithmenos
Elyvilon
Fedhas
Hepliaklqana
Makhleb
Okawaru
Ru
Uskayaw
Vehumet
Xom
Yredelemnul
Zin
The Shining One

Annotations:
D:6 Dowan, Edmund


Innate Abilities, Weirdness & Mutations

You cannot be hasted, slowed, berserked, paralysed or teleported.
You can dig through walls and to a lower floor.
Your four strong arms can wield two-handed weapons with a shield.
You have a pair of large antennae on your head. (SInv)
You evolve.
You expend magic power (3 MP) to strengthen your wands.


Message History

* * * LOW HITPOINT WARNING * * *
You hit Edmund.
Edmund is lightly wounded.
You block Edmund's attack.
Dowan says, "How can I live without her?"
You hit Edmund.
Edmund is lightly wounded.
Edmund hits you with a +4 dire flail of protection!
* * * LOW HITPOINT WARNING * * *
You are confused.
You feel invigorated.
Dowan shakes with grief.
Dowan casts a spell.
Dowan blinks!
You bump into the rock wall.
Edmund hits you with a +4 dire flail of protection.
* * * LOW HITPOINT WARNING * * *
You bump into the rock wall.
Edmund hits you with a +4 dire flail of protection!
You die...

#.##### { #...... { ##### #######
{ ###...# # #...#.# # ### ###...#
# ###### #.#########
##.#######.#####.?...
........).###...##...........####
.......##.....#.@@...#.#### ♣
...##########...##.#.# { ♣ .#.#
##.###.#.# { { ♣ .#.# #.# ..... ♣
.#.# ..#{...... ♣ .#.#
####......#e ♣ .#.# #...##...# ♣
...# #.[.. ... #.<#


You could see Edmund.

Vanquished Creatures
  Prince Ribbit (D:6)
  Eustachio (D:4)
  Menkaure (D:4)
  Duvessa (D:6)
  A sky beast (D:5)
  A necrophage (D:6)
  An ice beast (D:5)
  3 phantoms
  Blork the orc (D:5)
  2 bullfrogs
  2 howler monkeys (D:4)
  A centaur zombie (D:6)
  A crimson imp (D:5)
  A bullfrog skeleton (D:5)
  3 hounds
  A jelly (D:5)
  3 orc wizards
  3 orc priests
  5 worker ants
  6 big kobold zombies (Ossuary)
  A mummy (Ossuary)
  8 gnolls
  11 adders
  2 shadow imps
  3 oozes
  4 worms
  A dart slug (D:2)
  5 leopard geckos
  14 orcs
  2 spectral bats (Ossuary)
  6 bats
  5 giant cockroaches
  6 gnoll zombies (Ossuary)
  8 goblins
  8 hobgoblins
  8 jackals
  2 quokkas (D:3)
  2 ball pythons (D:3)
  3 bat simulacra (Ossuary)
  2 frilled lizards
  2 goblin simulacra (Ossuary)
  3 goblin zombies (Ossuary)
  4 hobgoblin zombies (Ossuary)
  A jackal skeleton (D:4)
  7 kobolds
  2 kobold simulacra (Ossuary)
  5 kobold zombies (Ossuary)
  A leopard gecko zombie (D:6)
  8 orc zombies
  8 rats
  3 rat simulacra (Ossuary)
  3 spectral goblins (Ossuary)
  4 spectral kobolds (Ossuary)
  4 spectral rats (Ossuary)
195 creatures vanquished.

Notes
Turn   | Place    | Note
-------+----------+-------------------------------------------
     0 | D:1      | DasRunzen the Formicid Fighter began the quest for the Orb.
     0 | D:1      | Reached XP level 1. HP: 18/18 MP: 1/1
    55 | D:1      | Reached XP level 2. HP: 24/24 MP: 2/2
   255 | D:1      | Reached XP level 3. HP: 26/29 MP: 3/3
   392 | D:1      | Reached skill level 4 in Shields
   616 | D:2      | Reached XP level 4. HP: 27/37 MP: 4/4
   719 | D:2      | Found a glowing golden altar of the Shining One,
   719 | D:2      | Found a faded altar of an unknown god,
   724 | D:2      | Found a snail-covered altar of Cheibriados,
   726 | D:2      | Found a shadowy altar of Dithmenos,
   728 | D:2      | Found a faded altar of an unknown god,
  1385 | D:3      | Reached XP level 5. HP: 38/42 MP: 5/5
  1387 | D:3      | Noticed a phantom
  1519 | D:3      | Killed a phantom
  1519 | D:3      | Reached XP level 6. HP: 37/49 MP: 6/6
  1531 | D:3      | Gained mutation: You are frail. (-10% HP) [potion of
                  | mutation]
  1531 | D:3      | Gained mutation: You evolve. [potion of mutation]
  1531 | D:3      | Gained mutation: You expend magic power (3 MP) to
                  | strengthen your wands. [potion of mutation]
  1640 | D:3      | Reached skill level 5 in Shields
  2113 | D:3      | Reached XP level 7. HP: 49/49 MP: 7/7
  2131 | D:3      | You fall into a shaft and drop 2 floors!
  2131 | D:5      | Entered Level 5 of the Dungeon
  2150 | D:5      | Reached skill level 5 in Fighting
  2150 | D:5      | Reached skill level 5 in Armour
  2162 | D:4      | Noticed Menkaure
  2166 | D:4      | Killed Menkaure
  2167 | D:4      | Lost mutation: You are frail. (-10% HP) [evolution]
  2229 | D:4      | Reached skill level 6 in Shields
  2270 | D:4      | Found a sand-covered staircase,
  2275 | Ossuary  | Entered an ossuary
  2301 | Ossuary  | Reached XP level 8. HP: 63/63 MP: 8/8
  2785 | D:4      | Noticed Eustachio
  2815 | D:4      | Killed Eustachio
  2998 | D:4      | Reached skill level 5 in Polearms
  3002 | D:4      | Found a transporter,
  3172 | D:4      | Found a transporter,
  3219 | D:4      | Found a sacrificial altar of Ru,
  3225 | D:4      | Reached skill level 7 in Shields
  3791 | D:5      | Found a staircase to the Ecumenical Temple,
  3829 | Temple   | Entered the Ecumenical Temple
  3863 | Temple   | Became a worshipper of Warmaster Okawaru
  3982 | D:5      | Reached XP level 9. HP: 65/71 MP: 9/9
  4090 | D:5      | Found a hazy altar of Hepliaklqana,
  4104 | D:5      | Noticed Blork the orc
  4115 | D:5      | Killed Blork the orc
  4478 | D:5      | Reached * piety under Okawaru
  4548 | D:5      | Found a burning altar of Makhleb,
  4932 | D:6      | Reached skill level 1 in Invocations
  4956 | D:6      | Noticed Duvessa
  4957 | D:6      | Noticed Dowan
  4957 | D:6      | Noticed Prince Ribbit
  4974 | D:6      | Noticed Edmund
  4978 | D:6      | Killed Prince Ribbit
  4978 | D:6      | Reached skill level 8 in Shields
  4983 | D:6      | Killed Duvessa
  4983 | D:6      | Reached ** piety under Okawaru
  4993 | D:6      | HP: 3/72 [Edmund/+4 dire flail of protection (9)]
  4996 | D:6      | Slain by Edmund

Levels and vault maps discovered:
D:1:      dpeg_arrival_simpleton_a, layout_rooms, palyth_stone_intersect,
          kennysheep_flooded_box
D:2:      layout_loops_corners, chequers_temple_overflow_minitemple,
          first_ration
D:3:      layout_rooms, old_standard_altar, kennysheep_generic_room_10
D:4:      gammafunk_cloud_chamber, layout_cave_pods, old_standard_altar,
          enter_ossuary_5, uniq_eustachio, uniq_menkaure
D:5:      layout_gridville, kennysheep_little_box, minmay_temple_entry_wispy,
          makhleb_blood_cavern_becter, uniq_blork_the_orc
D:6:      layout_loops_ring, grunt_temple_overflow_opulence, st_stairs_13,
          kennysheep_generic_room_11, uniq_prince_ribbit1, uniq_edmund,
          uniq_duvessa
Temple:   eino_wide_crystal_templ

Skill      XL: |  1  2  3  4  5  6  7  8  9 |
---------------+----------------------------+-----
Shields        | 4 5 6 7 8 |  8.1
Fighting       | 4 5 6 7 |  7.5
Armour         | 4 5 6 7 |  7.4
Polearms       | 3 4 5 6 |  6.3
Invocations    | 2 |  2.3

Action                   |  1- 3 |  4- 6 |  7- 9 || total
-------------------------+-------+-------+-------++-------
Melee: Trident           |   115 |   237 |   431 ||   783
Evoke: Wand              |       |       |     2 ||     2
  Use: Scroll            |     3 |     6 |     5 ||    14
       Potion            |       |     1 |     3 ||     4
  Eat: Chunk             |       |     5 |     2 ||     7
       Ration            |       |       |     2 ||     2
Armor: Scale mail        |    52 |    95 |   114 ||   261
Dodge: Dodged            |    28 |    70 |   108 ||   206
Block: Kite shield       |    54 |   116 |   170 ||   340

Table legend:
 A = Non-vault XP
 B = Vault XP
 C = Vault XP percentage of total XP
 D = Non-vault monster count
 E = Vault monster count
 F = Vault count percentage of total count
                 A         B        C        D         E       F
            +---------+---------+-------+---------+---------+-------
      Total |    2130 |    1234 |  36.7 |     131 |      64 |  32.8
            +---------+---------+-------+---------+---------+-------
        D:1 |      38 |       0 |   0.0 |      24 |       0 |   0.0
        D:2 |     126 |       0 |   0.0 |      34 |       0 |   0.0
        D:3 |     359 |       0 |   0.0 |      28 |       0 |   0.0
        D:4 |     590 |     400 |  40.4 |      12 |       4 |  25.0
        D:5 |     669 |     141 |  17.4 |      23 |       2 |   8.0
        D:6 |     348 |     468 |  57.4 |      10 |       4 |  28.6
    Ossuary |       0 |     225 | 100.0 |       0 |      54 | 100.0
            +---------+---------+-------+---------+---------+-------
